[Event "VI Floripa Open 2020"]
[Site "Florianopolis"]
[Date "2020.01.20"]
[Round "1.73"]
[White "De Carvalho, Christopher"]
[Black "Maia, Jonathan Cesar"]
[Result "1-0"]
[ECO "D70"]
[WhiteElo "2100"]
[BlackElo "1834"]
[Annotator "ChessBase"]
[PlyCount "109"]
[EventDate "2020.01.20"]
[EventType "swiss"]
[EventRounds "10"]
[EventCountry "BRA"]
[SourceTitle "playchess.com"]
[Source "ChessBase"]
[SourceQuality "1"]
[TimeControl "5400+30"]

1. d4 d5 2. c4 c6 3. Nf3 Nf6 4. e3 g6 5. b3 Bg7 6. Bb2 O-O 7. Nbd2 b6 8. Bd3 Nbd7 9. e4 dxe4 10. Nxe4 Nxe4 11. Bxe4 Qc7 12. Qe2 Nf6 13. Bc2 c5 14. d5 e6 15. Be5 Qb7 16. d6 Bd7 17. O-O Bc6 18. Rfe1 Bxf3 19. gxf3 Rad8 20. Rad1 Nd7 21. f4 Nb8 22. Be4 Qd7 23. Qb2 f6 24. Bc3 f5 25. Bd5 exd5 26. Re7 Bxc3 27. Qxc3 d4 28. Qh3 Rf7 29. Rxd7 Nxd7 30. b4 cxb4 31. Rxd4 Nc5 32. Qe3 Rfd7 33. Qe5 Nb7 34. Qb5 Rxd6 35. Rxd6 Nxd6 36. Qxb4 Kf7 37. Qa4 Nc8 38. Qc6 Rf8 39. Kg2 Kg7 40. Qc7+ Kh6 41. a4 Rg8 42. Qf7 Rd8 43. h4 Rh8 44. Qf6 Rg8 45. h5 Re8 46. Kg3 Rg8 47. Kh4 Re8 48. Qg5+ Kg7 49. h6+ Kf7 50. Qg3 Re6 51. Qc3 Re7 52. Qh8 Nd6 53. Qxh7+ Kf8 54. Qh8+ Kf7 55. h7 1-0

[Event "VI Floripa Open 2020"]
[Site "Florianopolis"]
[Date "2020.01.20"]
[Round "1.74"]
[White "Bernardes, Arthur Feliphe Strut"]
[Black "Gruettner, Ralf"]
[Result "0-1"]
[ECO "C44"]
[WhiteElo "1828"]
[BlackElo "2099"]
[Annotator "NA"]
[PlyCount "28"]
[EventDate "2020.01.20"]
[EventType "swiss"]
[EventRounds "10"]
[EventCountry "BRA"]
[SourceTitle "playchess.com"]
[Source "ChessBase"]
[SourceQuality "1"]
[TimeControl "5400+30"]

1. e4 e5 2. Nf3 Nc6 3. d4 exd4 4. Bc4 Bc5 5. O-O d6 6. c3 dxc3 7. Nxc3 Nf6 8. Bg5 h6 9. Bh4 Bg4 10. Qb3 Bxf3 11. gxf3 Na5 12. Bxf6 gxf6 13. Bb5+ Kf8 14. Qa4 Rg8+ {Ilegível} 0-1

[Event "VI Floripa Open 2020"]
[Site "Florianopolis"]
[Date "2020.01.20"]
[Round "1.75"]
[White "Torella, Rodolfo"]
[Black "Horisch, Juan Pablo"]
[Result "1-0"]
[ECO "C41"]
[WhiteElo "2091"]
[BlackElo "1824"]
[Annotator "NA"]
[PlyCount "76"]
[EventDate "2020.01.20"]
[EventType "swiss"]
[EventRounds "10"]
[EventCountry "BRA"]
[SourceTitle "playchess.com"]
[Source "ChessBase"]
[SourceQuality "1"]
[TimeControl "5400+30"]

1. e4 d6 2. d4 Nf6 3. Nc3 e5 4. Nf3 Nbd7 5. Bc4 Be7 6. h3 c6 7. Bb3 O-O 8. O-O Qc7 9. Re1 a5 10. a4 exd4 11. Nxd4 Nc5 12. Bc4 Be6 13. Bf1 Rad8 14. Qf3 Nfd7 15. Qg3 Bf6 16. Be3 Rfe8 17. f4 Nf8 18. Nxe6 Ncxe6 19. Qf2 Nd7 20. g4 Nec5 21. e5 Be7 22. exd6 Bxd6 23. Rad1 Na6 24. Bc4 Nb4 25. Bb3 b6 26. g5 Re7 27. Kg2 Rde8 28. f5 Kh8 29. f6 gxf6 30. gxf6 Rg8+ 31. Kh1 Rxe3 32. Qxe3 Nc5 33. Rg1 Bg3 34. Qe7 Qf4 35. Qxf7 Qf3+ 36. Rg2 Nxb3 37. cxb3 Nc2 38. Qc4 Ne3 1-0

[Event "VI Floripa Open 2020"]
[Site "Florianopolis"]
[Date "2020.01.20"]
[Round "1.76"]
[White "Boabaid, Jorge Alberto Duarde"]
[Black "Urquiza, Marcello de Albuquer"]
[Result "0-1"]
[ECO "A00"]
[WhiteElo "1823"]
[BlackElo "2079"]
[Annotator "NA"]
[PlyCount "82"]
[EventDate "2020.01.20"]
[EventType "swiss"]
[EventRounds "10"]
[EventCountry "BRA"]
[SourceTitle "playchess.com"]
[Source "ChessBase"]
[SourceQuality "1"]
[TimeControl "5400+30"]

1. e4 c5 2. Nf3 d6 3. d4 cxd4 4. Nxd4 a6 5. c4 Nf6 6. Bd3 e6 7. Nc3 b6 8. O-O Bb7 9. Bg5 Nbd7 10. f4 b5 11. Bh4 b4 12. Na4 Be7 13. Qe2 Qa5 14. b3 h6 15. Nxe6 fxe6 16. e5 dxe5 17. Bg6+ Kf8 18. f5 exf5 19. Rxf5 Qc7 20. c5 Bxc5+ 21. Nxc5 Qxc5+ 22. Bf2 Qd5 23. Be3 Kg8 24. Rd1 Qe6 25. Rf2 Be4 26. Bxe4 Nxe4 27. Qf3 Nxf2 28. Bxf2 Rf8 29. Qb7 Rf7 30. Qxb4 Kh7 31. Qe4+ g6 32. Be3 Qf5 33. Qh4 Qh5 34. Qe1 Rhf8 35. Qd2 Qf5 36. Qe2 Qe4 37. Qd2 Nf6 38. Bc5 Rd7 39. Qc1 Rxd1+ 40. Qxd1 Rf7 41. h3 Qd5 {abd} 0-1

[Event "VI Floripa Open 2020"]
[Site "Florianopolis"]
[Date "2020.01.20"]
[Round "1.77"]
[White "Pereira, Geanfrancesco"]
[Black "Bitencourt, Evandro Jose dos S"]
[Result "1-0"]
[ECO "A00"]
[WhiteElo "2078"]
[BlackElo "1819"]
[Annotator "NA"]
[PlyCount "69"]
[EventDate "2020.01.20"]
[EventType "swiss"]
[EventRounds "10"]
[EventCountry "BRA"]
[SourceTitle "playchess.com"]
[Source "ChessBase"]
[SourceQuality "1"]
[TimeControl "5400+30"]

1. c4 e5 2. g3 Nf6 3. Bg2 d5 4. cxd5 Nxd5 5. Nc3 Nb6 6. Nf3 Nc6 7. O-O Be7 8. d3 O-O 9. Be3 Re8 10. Rc1 Bf8 11. Na4 Nxa4 12. Qxa4 h6 13. a3 Bd7 14. Qc2 Be6 15. b4 a6 16. Bc5 Qd7 17. Qb2 Bh3 18. Bxf8 Kxf8 19. Rc4 Bxg2 20. Kxg2 f5 21. Rfc1 Kg8 22. a4 e4 23. Ne1 Rac8 24. b5 Ne5 25. Rd4 Qf7 26. dxe4 f4 27. f3 g5 28. Nd3 Ng6 29. bxa6 bxa6 30. Qb7 fxg3 31. hxg3 Qf6 32. Rd7 g4 33. Qd5+ Qe6 34. Rc6 gxf3+ 35. exf3 {abd} 1-0

[Event "VI Floripa Open 2020"]
[Site "Florianopolis"]
[Date "2020.01.20"]
[Round "1.80"]
[White "Frattini, Beatriz Maria"]
[Black "Souza Neves, Andrey M."]
[Result "0-1"]
[ECO "A00"]
[WhiteElo "1809"]
[BlackElo "2068"]
[Annotator "NA"]
[PlyCount "60"]
[EventDate "2020.01.20"]
[EventType "swiss"]
[EventRounds "10"]
[EventCountry "BRA"]
[SourceTitle "playchess.com"]
[Source "ChessBase"]
[SourceQuality "1"]
[TimeControl "5400+30"]

1. e4 c6 2. d4 d5 3. e5 Bf5 4. h4 h6 5. g4 Bd7 6. c4 e6 7. c5 b6 8. b4 a5 9. Qa4 Na6 10. Bxa6 Rxa6 11. Bd2 Qa8 12. Qc2 axb4 13. Bxb4 Ra4 14. Qb3 bxc5 15. dxc5 Qa7 16. Ne2 Rxb4 17. Qxb4 Bxc5 18. Qf4 Ne7 19. h5 O-O 20. Nd2 f6 21. O-O fxe5 22. Qxe5 Qa4 23. Qg3 e5 24. Qxe5 Qxg4+ 25. Ng3 Rf4 26. Qb8+ Bc8 27. Qb3 Nf5 28. Rfc1 Nxg3 29. Rxc5 Ne4+ 30. Kh1 Rxf2 0-1

[Event "VI Floripa Open 2020"]
[Site "Florianopolis"]
[Date "2020.01.20"]
[Round "1.81"]
[White "Antunes, Luciano Justi"]
[Black "Nunes, Guilherme Sacardo Te"]
[Result "1/2-1/2"]
[ECO "C00"]
[WhiteElo "2061"]
[BlackElo "1808"]
[Annotator "NA"]
[PlyCount "95"]
[EventDate "2020.01.20"]
[EventType "swiss"]
[EventRounds "10"]
[EventCountry "BRA"]
[SourceTitle "playchess.com"]
[Source "ChessBase"]
[SourceQuality "1"]
[TimeControl "5400+30"]

1. e4 e6 2. d3 d5 3. Nd2 Nc6 4. Ngf3 Nf6 5. g3 dxe4 6. dxe4 e5 7. Bg2 Bc5 8. O-O O-O 9. c3 a5 10. Qc2 b6 11. Nb3 Bd6 12. Bg5 a4 13. Nbd2 Bc5 14. Nc4 Ba6 15. Rfd1 Qe7 16. Ne3 Bxe3 17. Bxe3 Bc4 18. h3 Qe6 19. Ng5 Qe7 20. b3 axb3 21. axb3 Ba6 22. Kh2 h6 23. Nf3 Bb7 24. Nh4 Na5 25. Nf5 Qe6 26. c4 Nc6 27. Qc3 Ne7 28. Nxe7+ Qxe7 29. f3 c5 30. Rxa8 Rxa8 31. Qd3 Ne8 32. Rd2 f6 33. h4 Bc6 34. Bh3 Kf8 35. Bf5 Qc7 36. Be6 Ke7 37. Bd5 Rd8 38. Ra2 Bxd5 39. exd5 Kf8 40. Qb1 Nd6 41. Qh7 Re8 42. Qb1 Rb8 43. Qa1 Rb7 44. Ra8+ Rb8 45. Ra7 Rb7 46. Ra8+ Rb8 47. Ra7 Rb7 48. Ra8+ 1/2-1/2

[Event "VI Floripa Open 2020"]
[Site "Florianopolis"]
[Date "2020.01.20"]
[Round "1.82"]
[White "Simao Vasconcellos, Pedro August"]
[Black "Manzi, Luiz Antonio Bardaro"]
[Result "0-1"]
[ECO "A00"]
[WhiteElo "1805"]
[BlackElo "2059"]
[Annotator "NA"]
[PlyCount "86"]
[EventDate "2020.01.20"]
[EventType "swiss"]
[EventRounds "10"]
[EventCountry "BRA"]
[SourceTitle "playchess.com"]
[Source "ChessBase"]
[SourceQuality "1"]
[TimeControl "5400+30"]

1. d4 Nf6 2. c4 e6 3. Nc3 d5 4. cxd5 exd5 5. Bg5 Be7 6. e3 O-O 7. Bd3 Nbd7 8. Nge2 Re8 9. O-O c6 10. Qc2 h6 11. Bh4 Nf8 12. f3 c5 13. Bf2 g6 14. Qd2 c4 15. Bc2 Ne6 16. h3 Ng7 17. e4 dxe4 18. fxe4 Nh7 19. Be3 Bg5 20. Nf4 Bd7 21. Nfd5 Bc6 22. Bxg5 hxg5 23. Ne3 Nh5 24. Nxc4 b5 25. Ne3 b4 26. Ncd5 Ng3 27. Qf2 Nxf1 28. Rxf1 f6 29. Bb3 Kg7 30. e5 f5 31. Nxb4 Be4 32. Bd5 Bxd5 33. Nbxd5 f4 34. Nf6 Nxf6 35. exf6+ Qxf6 36. Ng4 Qe6 37. g3 Rad8 38. gxf4 gxf4 39. d5 Qxd5 40. Qxa7+ Rd7 41. Qa3 Qd4+ 42. Kh1 Re2 43. Qf3 Rxb2 {abd} 0-1

[Event "VI Floripa Open 2020"]
[Site "Florianopolis"]
[Date "2020.01.20"]
[Round "1.83"]
[White "Campos, Alexandre Ferreira"]
[Black "Weise, William Ferreira"]
[Result "1-0"]
[ECO "A00"]
[WhiteElo "2056"]
[BlackElo "1805"]
[Annotator "NA"]
[PlyCount "57"]
[EventDate "2020.01.20"]
[EventType "swiss"]
[EventRounds "10"]
[EventCountry "BRA"]
[SourceTitle "playchess.com"]
[Source "ChessBase"]
[SourceQuality "1"]
[TimeControl "5400+30"]

1. e4 e6 2. d3 d5 3. Nd2 Nf6 4. g3 c5 5. Bg2 Be7 6. Ngf3 Nc6 7. O-O O-O 8. c3 Qc7 9. Re1 b5 10. a4 b4 11. e5 Nd7 12. d4 bxc3 13. bxc3 c4 14. Ba3 Qa5 15. Qc2 Rb8 16. Bxe7 Nxe7 17. Ng5 Ng6 18. h4 h6 19. h5 hxg5 20. hxg6 Nb6 21. gxf7+ Rxf7 22. Nf3 g4 23. Nh2 Bd7 24. Nxg4 Nxa4 25. Qg6 Kf8 26. Ra3 Rb3 27. Rea1 Rxc3 28. Rxa4 Bxa4 29. Qxe6 1-0

[Event "VI Floripa Open 2020"]
[Site "Florianopolis"]
[Date "2020.01.20"]
[Round "1.84"]
[White "De Haro, Martim Afonso Palma"]
[Black "Sekula, Markley Ribas"]
[Result "0-1"]
[ECO "B08"]
[WhiteElo "1804"]
[BlackElo "2056"]
[Annotator "NA"]
[PlyCount "174"]
[EventDate "2020.01.20"]
[EventType "swiss"]
[EventRounds "10"]
[EventCountry "BRA"]
[SourceTitle "playchess.com"]
[Source "ChessBase"]
[SourceQuality "1"]
[TimeControl "5400+30"]

1. Nf3 d6 2. e4 Nf6 3. Nc3 g6 4. d4 Bg7 5. h3 O-O 6. Be3 a6 7. a4 b6 8. e5 Nfd7 9. e6 fxe6 10. Ng5 Nf6 11. Bc4 d5 12. Be2 h6 13. Nf3 Nbd7 14. Bd3 c5 15. Bxg6 cxd4 16. Bxd4 Qc7 17. Qe2 Nc5 18. Be5 Qa7 19. Rg1 Nh7 20. Rd1 Bxe5 21. Nxe5 Qc7 22. Bxh7+ Kxh7 23. Qh5 Rf6 24. Ng4 Rg6 25. Qe5 Qc6 26. Qd4 Nd7 27. Rd3 Bb7 28. Re3 Rf8 29. Ne5 Nxe5 30. Rxe5 Rgf6 31. Rf1 b5 32. Qd3+ Kg7 33. Re3 Rg6 34. Rg3 Rff6 35. Rxg6+ Rxg6 36. g4 e5 37. Ne2 bxa4 38. Ng3 Kf7 39. Qf5+ Qf6 40. Qxf6+ Rxf6 41. Nf5 Rb6 42. Kd2 Rxb2 43. Ra1 Bc6 44. Nxh6+ Ke6 45. g5 Be8 46. Ng4 Rb4 47. c3 Rb2+ 48. Kc1 Re2 49. Kd1 Re4 50. f3 Rf4 51. Ke2 Bb5+ 52. Ke3 Rc4 53. g6 Rxc3+ 54. Kd2 Rd3+ 55. Kc2 Rxf3 56. g7 Bd3+ 57. Kb2 Bh7 58. Rxa4 Rxh3 59. Rxa6+ Kf7 60. Nxe5+ Kxg7 61. Ra7 Kf6 62. Nd7+ Kf5 63. Nf8 Kf6 64. Nd7+ Ke6 65. Nc5+ Kd6 66. Nb7+ Ke5 67. Nd8 e6 68. Nf7+ Kf4 69. Nd8 Bf5 70. Ra4+ Ke3 71. Ra3+ Kd2 72. Ra6 Rh8 73. Nxe6 Rb8+ 74. Ka3 Bxe6 75. Rxe6 d4 76. Rh6 d3 77. Ka2 Kc2 78. Rc6+ Kd1 79. Rc7 d2 80. Rc6 Rb5 81. Rc8 Ke2 82. Rf8 Ke3 83. Rd8 Ke2 84. Rd7 Rb4 85. Rc7 d1=Q 86. Rc3 Kd2 87. Rd3+ Kxd3 0-1

[Event "VI Floripa Open 2020"]
[Site "Florianopolis"]
[Date "2020.01.20"]
[Round "1.85"]
[White "Do Nascimento, Christian Almeida"]
[Black "Salvadego, Matheus Henrique De "]
[Result "0-1"]
[ECO "A00"]
[WhiteElo "2054"]
[BlackElo "1803"]
[Annotator "NA"]
[PlyCount "53"]
[EventDate "2020.01.20"]
[EventType "swiss"]
[EventRounds "10"]
[EventCountry "BRA"]
[SourceTitle "playchess.com"]
[Source "ChessBase"]
[SourceQuality "1"]
[TimeControl "5400+30"]

1. d4 Nf6 2. Bg5 e6 3. e4 Be7 4. Bd3 c5 5. e5 Nd5 6. Bxe7 Qxe7 7. Qg4 f5 8. exf6 Nxf6 9. Qh4 Nc6 10. Nf3 O-O 11. Nbd2 d5 12. Ne5 Qe8 13. Ng4 Nh5 14. Nf1 e5 15. Ng3 e4 16. Bb5 Nf4 17. O-O Qg6 18. Ne5 Nxe5 19. dxe5 c4 20. c3 Qb6 21. Ba4 Qxb2 22. Rad1 Qa3 23. Bc2 Qxc3 24. Bb1 Qxe5 25. f3 g5 26. Qh6 Rf6 27. Rxd5 0-1

[Event "VI Floripa Open 2020"]
[Site "Florianopolis"]
[Date "2020.01.20"]
[Round "1.86"]
[White "Goncalves, Luiz Osvaldo Cifuent"]
[Black "Takano, Nicholas Ryo"]
[Result "0-1"]
[ECO "A00"]
[WhiteElo "1801"]
[BlackElo "2041"]
[Annotator "NA"]
[PlyCount "94"]
[EventDate "2020.01.20"]
[EventType "swiss"]
[EventRounds "10"]
[EventCountry "BRA"]
[SourceTitle "playchess.com"]
[Source "ChessBase"]
[SourceQuality "1"]
[TimeControl "5400+30"]

1. e4 c5 2. Nf3 g6 3. c3 Nf6 4. e5 Nd5 5. Bc4 Nb6 6. Bxf7+ Kxf7 7. Ng5+ Kg8 8. O-O h6 9. Nf3 Nc6 10. d4 cxd4 11. cxd4 d6 12. Qb3+ d5 13. Nc3 Bg4 14. Be3 Bxf3 15. gxf3 e6 16. Kh1 Kf7 17. Rg1 Ne7 18. Nb5 Nf5 19. Rac1 Nc4 20. Qc2 a6 21. Nc3 Rc8 22. b3 Ncxe3 23. fxe3 Bb4 24. Qd3 Rxc3 25. Rxc3 Bxc3 26. Qxc3 Qc8 27. Qd3 Qc6 28. e4 Ne7 29. Qd2 g5 30. Rc1 Qb5 31. Kg2 Rc8 32. Rf1 Ng6 33. exd5 Nf4+ 34. Kf2 Qxd5 35. Kg3 Qxd4 36. Qxd4 Ne2+ 37. Kg4 Nxd4 38. f4 gxf4 39. Rxf4+ Nf5 40. Rf2 Rc3 41. Rd2 Rc7 42. h4 Ke8 43. Kh5 Rd7 44. Rc2 Kf7 45. Rc4 Kg7 46. Rg4+ Kh7 47. Rg2 Rd4 {abd} 0-1

[Event "VI Floripa Open 2020"]
[Site "Florianopolis"]
[Date "2020.01.20"]
[Round "1.87"]
[White "Volkmann, Andre Jordi"]
[Black "Campagnolo, Fabiola"]
[Result "1/2-1/2"]
[ECO "A03"]
[WhiteElo "2040"]
[BlackElo "1801"]
[Annotator "NA"]
[PlyCount "107"]
[EventDate "2020.01.20"]
[EventType "swiss"]
[EventRounds "10"]
[EventCountry "BRA"]
[SourceTitle "playchess.com"]
[Source "ChessBase"]
[SourceQuality "1"]
[TimeControl "5400+30"]

1. f4 d5 2. Nf3 g6 3. g3 Bg7 4. Bg2 c5 5. d3 Nc6 6. Nc3 e6 7. O-O Nf6 8. Nd2 O-O 9. e4 dxe4 10. Ndxe4 Nd7 11. Be3 Nd4 12. Na4 Qc7 13. c3 Nf5 14. Bf2 c4 15. d4 Rb8 16. g4 Nd6 17. f5 Nxe4 18. Bxe4 e5 19. Bg3 b5 20. f6 Bxf6 21. Rxf6 Nxf6 22. Bxe5 Qe7 23. Bf3 bxa4 24. Bxb8 Qe3+ 25. Kg2 Bxg4 26. Be5 Bxf3+ 27. Qxf3 Qd2+ 28. Kh1 Nh5 29. Bd6 Re8 30. Rf1 f6 31. Qd5+ Kg7 32. Qxc4 Qe2 33. Qxe2 Rxe2 34. Ba3 f5 35. Kg1 Nf6 36. Rf2 Re1+ 37. Kg2 Ne4 38. Rc2 g5 39. Kf3 Kf6 40. c4 g4+ 41. Kf4 Rf1+ 42. Ke3 Re1+ 43. Re2 f4+ 44. Kd3 Rxe2 45. Kxe2 f3+ 46. Ke3 h5 47. Bc5 h4 48. Bxa7 f2 49. Ke2 g3 50. hxg3 hxg3 51. d5 Nd2 52. Bxf2 gxf2 53. Kxf2 Nxc4 54. b3 1/2-1/2

[Event "VI Floripa Open 2020"]
[Site "Florianopolis"]
[Date "2020.01.20"]
[Round "1.88"]
[White "Ribeiro, Fabiano Pinto"]
[Black "Tomiello, Lucas Costamilan"]
[Result "0-1"]
[ECO "A48"]
[WhiteElo "1798"]
[BlackElo "2039"]
[Annotator "NA"]
[PlyCount "114"]
[EventDate "2020.01.20"]
[EventType "swiss"]
[EventRounds "10"]
[EventCountry "BRA"]
[SourceTitle "playchess.com"]
[Source "ChessBase"]
[SourceQuality "1"]
[TimeControl "5400+30"]

1. d4 Nf6 2. Nf3 g6 3. Bf4 Bg7 4. e3 O-O 5. Be2 d6 6. h3 b6 7. O-O Bb7 8. Nbd2 c5 9. c3 Nbd7 10. a4 a6 11. Qc2 Rc8 12. Rac1 Qc7 13. Bh2 Qb8 14. Qb1 Qa8 15. Rfe1 Bc6 16. b3 Ne4 17. Bf1 b5 18. a5 Rfe8 19. Qa2 Nxd2 20. Nxd2 b4 21. cxb4 cxd4 22. e4 Qb7 23. f4 Nf6 24. e5 dxe5 25. fxe5 Nd5 26. Rc4 Ne3 27. Rxc6 Rxc6 28. Nf3 Qxb4 29. Bf4 Nxf1 30. Rxf1 d3 31. Bd2 Qc5+ 32. Kh1 Qd5 33. Qa4 f5 34. Re1 Rcc8 35. Qh4 Rc2 36. Qa4 Qb5 37. Qd4 Qxb3 38. Qd7 Rcc8 39. Nd4 Qa2 40. Nf3 h6 41. Qxd3 Qc4 42. Qb1 Rb8 43. Qa1 Rec8 44. h4 e6 45. Qa3 Kh7 46. h5 g5 47. Rc1 Qd5 48. Rxc8 Rxc8 49. Qe7 g4 50. Bxh6 Kxh6 51. Qg5+ Kh7 52. Qg6+ Kh8 53. h6 Rc1+ 54. Ng1 Rxg1+ 55. Kxg1 Qd1+ 56. Kf2 Qd2+ 57. Kg3 Qe3+ 0-1

[Event "VI Floripa Open 2020"]
[Site "Florianopolis"]
[Date "2020.01.20"]
[Round "1.89"]
[White "Lage, Pedro Ferreira"]
[Black "Ferreira, Rodrigo Maycon Miran"]
[Result "1-0"]
[ECO "A00"]
[WhiteElo "2038"]
[BlackElo "1795"]
[Annotator "NA"]
[PlyCount "41"]
[EventDate "2020.01.20"]
[EventType "swiss"]
[EventRounds "10"]
[EventCountry "BRA"]
[SourceTitle "playchess.com"]
[Source "ChessBase"]
[SourceQuality "1"]
[TimeControl "5400+30"]

1. Nf3 d5 2. g3 c6 3. Bg2 Bg4 4. O-O Nd7 5. d4 e6 6. Nbd2 Bd6 7. e4 Ne7 8. Re1 O-O 9. c4 Bh5 10. b3 Bb4 11. Bb2 Qa5 12. a3 Bxd2 13. Qxd2 Qxd2 14. Nxd2 dxe4 15. Nxe4 Bg6 16. Rad1 Nb6 17. Nc5 Rfd8 18. Nxb7 Rdb8 19. Na5 Rc8 20. Bc3 Rab8 21. Bb4 {abd} 1-0

[Event "VI Floripa Open 2020"]
[Site "Florianopolis"]
[Date "2020.01.20"]
[Round "1.90"]
[White "Dos Santos, Dwlyan Silva"]
[Black "Soares, Joao Carlos T. C."]
[Result "1-0"]
[ECO "B57"]
[WhiteElo "1793"]
[BlackElo "2032"]
[Annotator "NA"]
[PlyCount "71"]
[EventDate "2020.01.20"]
[EventType "swiss"]
[EventRounds "10"]
[EventCountry "BRA"]
[SourceTitle "playchess.com"]
[Source "ChessBase"]
[SourceQuality "1"]
[TimeControl "5400+30"]

1. e4 c5 2. Nf3 Nc6 3. d4 cxd4 4. Nxd4 e6 5. Nb3 Nf6 6. Bd3 a6 7. O-O Qc7 8. Nc3 Be7 9. f4 d6 10. Bd2 O-O 11. Qe2 b5 12. Rae1 Nd7 13. Kh1 Bb7 14. Rf3 Rfe8 15. Rh3 b4 16. Nd1 a5 17. f5 Nf8 18. fxe6 fxe6 19. Rf1 Ne5 20. Nd4 Nxd3 21. cxd3 Bf6 22. Be3 d5 23. Nf2 Qb6 24. Nf3 d4 25. Bg5 Be7 26. Ng4 Ba6 27. Nge5 Rac8 28. Qf2 Bd6 29. Qh4 Qc5 30. Nd7 Qc2 31. Nxf8 h6 32. Bxh6 Qxd3 33. Re1 Bxf8 34. Bg5 Rc5 35. Bf6 gxf6 36. Qh7# 1-0

[Event "VI Floripa Open 2020"]
[Site "Florianopolis"]
[Date "2020.01.20"]
[Round "1.91"]
[White "Medrano, Mario"]
[Black "Da Silveira, Robson Gustavo M."]
[Result "1-0"]
[ECO "A00"]
[WhiteElo "2032"]
[BlackElo "1793"]
[Annotator "NA"]
[PlyCount "71"]
[EventDate "2020.01.20"]
[EventType "swiss"]
[EventRounds "10"]
[EventCountry "BRA"]
[SourceTitle "playchess.com"]
[Source "ChessBase"]
[SourceQuality "1"]
[TimeControl "5400+30"]

1. d4 d5 2. Nf3 c6 3. g3 Bg4 4. Bg2 Nd7 5. O-O Ngf6 6. b3 e5 7. Bb2 Be7 8. Nbd2 O-O 9. c4 Re8 10. h3 Bxf3 11. Bxf3 Bd6 12. Qc2 c5 13. dxe5 Nxe5 14. Bg2 dxc4 15. Nxc4 Nxc4 16. Qxc4 Be5 17. Rad1 Qe7 18. Bc1 Rad8 19. e4 Rxd1 20. Rxd1 Rd8 21. Rxd8+ Qxd8 22. Be3 a6 23. f4 Qd1+ 24. Kh2 Qh5 25. Qd3 Bc7 26. Kg1 Qg6 27. Kh2 h6 28. Bf2 h5 29. Qe3 h4 30. g4 Qh6 31. e5 Nd7 32. g5 Qh7 33. e6 fxe6 34. Qxe6+ Kh8 35. g6 Bxf4+ 36. Kh1 {abd} 1-0

[Event "VI Floripa Open 2020"]
[Site "Florianopolis"]
[Date "2020.01.20"]
[Round "1.92"]
[White "Cordioli, Jairo Ribeiro"]
[Black "Chang, Suzana"]
[Result "0-1"]
[ECO "A00"]
[WhiteElo "1792"]
[BlackElo "2010"]
[Annotator "NA"]
[PlyCount "58"]
[EventDate "2020.01.20"]
[EventType "swiss"]
[EventRounds "10"]
[EventCountry "BRA"]
[SourceTitle "playchess.com"]
[Source "ChessBase"]
[SourceQuality "1"]
[TimeControl "5400+30"]

1. d4 Nf6 2. c4 g6 3. Nc3 Bg7 4. e4 d6 5. Be2 O-O 6. Nf3 Na6 7. O-O e5 8. d5 Nc5 9. Nd2 a5 10. b3 Ne8 11. Bb2 f5 12. a3 Nf6 13. f3 Bh6 14. b4 Be3+ 15. Kh1 axb4 16. axb4 Rxa1 17. Bxa1 Na6 18. Na2 Nh5 19. c5 Qh4 20. g3 Nxg3+ 21. Kg2 f4 22. Rf2 Qh3+ 23. Kg1 Bxf2+ 24. Kxf2 Qxh2+ 25. Ke1 Qg1+ 26. Nf1 Bh3 27. Qd3 Bxf1 28. Bxf1 Qe3+ 29. Be2 Ra8 {abd} 0-1

[Event "VI Floripa Open 2020"]
[Site "Florianopolis"]
[Date "2020.01.20"]
[Round "1.93"]
[White "Cantarino Neto, Mario Ribeiro"]
[Black "Da Silva, Anderson Lemes"]
[Result "0-1"]
[ECO "A00"]
[WhiteElo "2004"]
[BlackElo "1788"]
[Annotator "NA"]
[PlyCount "98"]
[EventDate "2020.01.20"]
[EventType "swiss"]
[EventRounds "10"]
[EventCountry "BRA"]
[SourceTitle "playchess.com"]
[Source "ChessBase"]
[SourceQuality "1"]
[TimeControl "5400+30"]

1. d4 Nf6 2. c4 e6 3. Nf3 b6 4. g3 Bb7 5. Bg2 Be7 6. Nc3 O-O 7. O-O d5 8. Ne5 c5 9. dxc5 Bxc5 10. a3 Ne4 11. Nxe4 dxe4 12. Bf4 a5 13. Qxd8 Rxd8 14. Rad1 Na6 15. Nd7 Bc6 16. Nxc5 bxc5 17. h4 f6 18. Rd2 e5 19. Be3 Kf7 20. Rfd1 Ke7 21. Kf1 Rxd2 22. Rxd2 Rd8 23. Ke1 Rb8 24. Kd1 Ba4+ 25. Kc1 Bc6 26. Rd1 h6 27. Bh3 Ba4 28. Rd5 Rd8 29. Rxd8 Kxd8 30. Be6 Bc6 31. Bf5 Kc7 32. Kd2 Kb6 33. Kc3 a4 34. Be6 Nc7 35. Bf7 Ne8 36. b4 axb3 37. Kxb3 Nd6 38. Bd5 Nf5 39. Bc1 Nd4+ 40. Kb2 Nxe2 41. Bxc6 Kxc6 42. Bd2 g5 43. hxg5 hxg5 44. a4 g4 45. a5 f5 46. Bg5 Nd4 47. Bd8 f4 48. a6 e3 49. fxe3 fxe3 0-1

[Event "VI Floripa Open 2020"]
[Site "Florianopolis"]
[Date "2020.01.20"]
[Round "1.94"]
[White "Lunelli, Neuri Antonio"]
[Black "Japiassu, Ricardo De Villa Nov"]
[Result "0-1"]
[ECO "A00"]
[WhiteElo "1786"]
[BlackElo "1994"]
[Annotator "NA"]
[PlyCount "84"]
[EventDate "2020.01.20"]
[EventType "swiss"]
[EventRounds "10"]
[EventCountry "BRA"]
[SourceTitle "playchess.com"]
[Source "ChessBase"]
[SourceQuality "1"]
[TimeControl "5400+30"]

1. c4 c5 2. Nc3 g6 3. g3 Bg7 4. Bg2 Nc6 5. e4 d6 6. Nge2 Nf6 7. d3 O-O 8. O-O Rb8 9. h3 Ne8 10. Be3 Nc7 11. Qd2 Ne6 12. f4 a6 13. Rf2 Ned4 14. Raf1 b5 15. b3 b4 16. Nd1 a5 17. Nb2 Bd7 18. Kh2 Nxe2 19. Qxe2 Nd4 20. Bxd4 Bxd4 21. Rf3 a4 22. Nd1 axb3 23. axb3 Ra8 24. Ne3 Ra3 25. Rb1 Bc6 26. Nc2 Ra2 27. Qd1 Bg7 28. Rf2 Qa8 29. Re2 Qa7 30. Rd2 Bc3 31. Re2 Qb7 32. Kg1 e6 33. Kf1 Rd8 34. Ne3 Rda8 35. Nc2 R8a7 36. Kg1 Qa8 37. Kf1 d5 38. Kg1 dxc4 39. dxc4 Rd7 40. Qf1 Qd8 41. Ne3 Rdd2 42. Rd1 Rxd1 0-1

[Event "VI Floripa Open 2020"]
[Site "Florianopolis"]
[Date "2020.01.20"]
[Round "1.95"]
[White "Calcada, Lucas Galvan"]
[Black "Franca Junior, Jairo"]
[Result "1/2-1/2"]
[ECO "A00"]
[WhiteElo "1496"]
[BlackElo "1785"]
[Annotator "NA"]
[PlyCount "72"]
[EventDate "2020.01.20"]
[EventType "swiss"]
[EventRounds "10"]
[EventCountry "BRA"]
[SourceTitle "playchess.com"]
[Source "ChessBase"]
[SourceQuality "1"]
[TimeControl "5400+30"]

1. Nf3 Nf6 2. g3 c5 3. Bg2 Nc6 4. d4 cxd4 5. Nxd4 e5 6. Nxc6 bxc6 7. O-O d5 8. c4 Be6 9. Qc2 Rc8 10. Nc3 Be7 11. Rd1 Qc7 12. Bg5 e4 13. cxd5 cxd5 14. e3 O-O 15. Rac1 Qa5 16. Qa4 Qxa4 17. Nxa4 Bg4 18. Re1 Bb4 19. Nc3 Nd7 20. Nxd5 Bxe1 21. Rxc8 Rxc8 22. Ne7+ Kf8 23. Nxc8 Ne5 24. Bf4 Nd3 25. Bd6+ Ke8 26. Bxe4 Bxf2+ 27. Kf1 Bxe3 28. Bxd3 Kd7 29. Nxa7 Kxd6 30. Nb5+ Kc5 31. Kg2 h5 32. Nc3 Bc1 33. h3 Be6 34. Bb1 Kb4 35. Nd1 g5 36. b3 f6 1/2-1/2